 Dungeon Crawl Stone Soup version 0.29-a0-982-gaed3a0c8d8 (webtiles) character file.

Game seed: 3547125740447408503

17231 leavemydog the Severer (level 12, -1/108 HPs)
             Began as a Hill Orc Fighter on Aug 1, 2022.
             Was a High Priest of Okawaru.
             Shot with an arrow by Nessos (4 damage)
             ... on level 12 of the Dungeon.
             The game lasted 00:32:09 (15804 turns).

leavemydog the Severer (Hill Orc Fighter)          Turns: 15804, Time: 00:32:10

Health: -1/108     AC: 16    Str: 22    XL:     12   Next: 45%
Magic:  19/19      EV: 25    Int: 10    God:    Okawaru [*****.]
Gold:   643        SH:  5    Dex: 10    Spells: 11/11 levels left

rFire   . . .      SeeInvis .   J - +5 hand axe (vorpal)
rCold   . . .      Faith    .   c - +0 buckler
rNeg    . . .      Spirit   .   K - +0 acid dragon scales
rPois   +          Reflect  .   m - +0 helmet
rElec   .          Harm     .   x - +0 cloak
rCorr   +          Rampage  .   j - +2 pair of gloves
Will    +....                   E - +0 pair of boots
Stlth   +.........              a - amulet of the acrobat
HPRegen 0.28/turn               u - ring of poison resistance
MPRegen 0.16/turn               s - ring of willpower

@: lethally poisoned (-1 -> -19), acrobatic, invisible
A: no striking features
a: Renounce Religion, Heroism, Finesse, Duel


You were on level 12 of the Dungeon.
You worshipped Okawaru.
Okawaru was extremely pleased with you.
You visited 2 branches of the dungeon, and saw 13 of its levels.
You also visited: Bailey.

You collected 643 gold pieces.

Inventory:

Hand Weapons
 e - a +5 dire flail of draining
 J - a +5 vorpal hand axe (weapon)
Missiles
 z - 3 atropa-tipped darts
 F - 3 datura-tipped darts
 L - 6 javelins (quivered)
Armour
 c - a +0 buckler (worn)
 h - a scarf of invisibility
 j - a +2 pair of gloves (worn)
 m - a +0 helmet (worn)
 x - a +0 cloak (worn)
 E - a +0 pair of boots (worn)
 K - +0 acid dragon scales (worn)
Jewellery
 a - an amulet of the acrobat (around neck)
 b - a ring of flight
 f - a ring of protection from cold
 i - a ring of protection from fire
 s - a ring of willpower (right hand)
 u - a ring of poison resistance (left hand)
 G - a ring of ice
Wands
 q - a wand of roots (7)
 B - a wand of mindburst (27)
 D - a wand of flame (25)
 M - a wand of quicksilver (5)
 O - a wand of paralysis (7)
 Q - a wand of polymorph (4)
Scrolls
 k - 5 scrolls of immolation
 o - a scroll of magic mapping
 p - a scroll of fear {unknown}
 r - a scroll of poison {unknown}
 v - 2 scrolls of silence {unknown}
 w - a scroll of fog
 y - a scroll of summoning {unknown}
 A - a scroll of enchant armour {unknown}
 H - a scroll of vulnerability
 N - 3 scrolls of amnesia
 P - 3 scrolls of teleportation
 R - a scroll of enchant weapon
 S - a scroll of identify
Potions
 d - a potion of might
 l - 2 potions of cancellation
 n - 4 potions of ambrosia
 t - 2 potions of brilliance
 C - 3 potions of mutation
 I - 2 potions of attraction {unknown}


   Skills:
 + Level 10.8 Fighting
 + Level 15.8 Axes
 + Level 10.8 Armour
 + Level 7.9 Shields
 * Level 9.7 Invocations
 - Level 0.3 Evocations


You had 11 spell levels left.
You didn't know any spells.
Your spell library contained the following spells:

 Spells                   Type           Power      Damage    Failure   Level
 Foxfire                  Conj/Fire      0%         2x1d4     50%         1
 Slow                     Hex            0%         N/A       50%         1
 Confusing Touch          Hex            0%         N/A       86%         3
 Conjure Flame            Conj/Fire      0%         6-21      86%         3
 Gell's Gravitas          Tloc           0%         N/A       86%         3
 Inner Flame              Hex/Fire       0%         N/A       86%         3
 Teleport Other           Tloc           0%         N/A       86%         3
 Vampiric Draining        Necr           0%         2d6       86%         3
 Flame Wave               Conj/Fire      0%         2d4       99%         4
 Dispersal                Tloc           0%         N/A       100%        6


Dungeon Overview and Level Annotations

Branches:
Dungeon (12/15)            Temple (1/1) D:4            Lair (0/5) D:10
    Orc (0/2) D:9          Bailey (visited)

Altars:
Ashenzari
Cheibriados
Dithmenos
Elyvilon
Fedhas
Gozag
Hepliaklqana
Kikubaaqudgha
Makhleb
Nemelex Xobeh
Okawaru
Qazlal
Ru
Sif Muna
Trog
Uskayaw
Vehumet
Wu Jian
Xom
Yredelemnul
Zin
The Shining One

Shops:
D:2 :   D:5 !   D:8 [   D:9 =

Annotations:
D:11 1 runed translucent door, qborf's ghost, journeyman DEFE
D:12 Nessos


Message History

Nessos completely misses you. Nessos barely misses you.
You slash Nessos!
Nessos is moderately wounded.
Nessos hits you! Nessos kicks you but does no damage.
You hit Nessos but do no damage.
Nessos is moderately wounded.
Nessos hits you but does no damage. Nessos kicks you but does no damage.
You barely miss Nessos.
Nessos is moderately wounded.
Nessos casts a spell.
Nessos blinks!
Nessos wields a +1 longbow of flaming.
It bursts into flame!
Nessos shoots an arrow.
The arrow barely misses you.
Okay, then.
Nessos shoots an arrow.
The arrow barely misses you.
Nessos shoots an arrow.
The arrow barely misses you.
Nessos shoots an arrow.
The arrow hits you!
* * * LOW HITPOINT WARNING * * *
The arrow burns you.
You are poisoned.
* * * LOW HITPOINT WARNING * * *
You fade into invisibility!
You feel very sick.
Nessos shoots an arrow.
You block the arrow.
Nessos shoots an arrow.
You block the arrow.
You feel very sick.
Nessos shoots an arrow.
You feel sick.
You feel sick.
You feel sick.
You feel sick.
Nessos shoots an arrow.
You feel sick.
Nessos shoots an arrow.
The arrow closely misses you.
Nessos shoots an arrow.
The arrow completely misses you.
You feel sick.
Nessos stands on their hind legs for a moment.
Nessos shoots an arrow.
You block the arrow.
Nessos shoots an arrow.
The arrow hits you!
* * * LOW HITPOINT WARNING * * *
The arrow burns you.
You are lethally poisoned!
You die...

...........#....# #
...........#....#
...........#....#
.......c...#....#
...........#...c#
...........# #
#####......# ..
#......######...
#..@............
#...............
#######...............
................####
................#
#.............#
#.............#
#.............#
#....)........#


You could see Nessos (fast, resistant, unable to see you).

Vanquished Creatures
  Erica (D:9)
  6 two-headed ogres
  A tengu warrior (D:9)
  2 skeletal warriors (D:11)
  Pikel (D:5)
  3 cyclopes
  2 ugly things
  A gargoyle (D:11)
  2 trolls (D:11)
  Prince Ribbit (D:8)
  Sigmund (D:2)
  2 wyverns
  A shadow (D:12)
  5 humans (Bailey)
  12 yaks (D:10)
  2 vampire mosquitoes (D:10)
  Menkaure (D:4)
  Edmund (D:5)
  3 acid dragons
  Duvessa (D:5)
  2 water moccasins
  6 orc warriors
  An ice beast (D:8)
  2 centaurs (D:9)
  A lemure (D:5)
  12 bullfrogs
  3 necrophages
  3 scorpions
  3 wights (D:10)
  Dowan (D:5)
  19 killer bees
  5 howler monkeys
  Crazy Yiuf (D:3)
  A jelly (D:2)
  A hound (D:5)
  9 orc priests
  4 iguanas
  7 orc wizards
  Ijyb (D:5)
  Terence (D:2)
  Robin (D:1)
  6 adders
  9 gnolls
  2 ufetubi (D:5)
  8 worms
  A dart slug (D:1)
  24 orcs
  5 bats
  4 endoplasms
  3 giant cockroaches
  26 goblins
  8 hobgoblins
  7 kobolds
  6 quokkas
  10 ball pythons
  2 frilled lizards
  5 rats
259 creatures vanquished.

Vanquished Creatures (others)
  A bush (D:5)
  4 fungi (D:5)
  11 plants (D:5)
16 creatures vanquished.

Grand Total: 275 creatures vanquished

Notes
Turn   | Place    | Note
-------+----------+-------------------------------------------
     0 | D:1      | leavemydog the Hill Orc Fighter began the quest for the
                  | Orb.
     0 | D:1      | Reached XP level 1. HP: 19/19 MP: 1/1
    57 | D:1      | Reached XP level 2. HP: 24/27 MP: 2/2
   144 | D:1      | Reached skill level 3 in Axes
   206 | D:1      | Reached XP level 3. HP: 30/33 MP: 3/3
   552 | D:2      | Noticed Robin
   726 | D:1      | Killed Robin
   727 | D:1      | Reached skill level 4 in Axes
   749 | D:2      | Reached XP level 4. HP: 35/40 MP: 4/4
  1240 | D:2      | Found Viopazym's Book Shop.
  1291 | D:2      | Reached skill level 5 in Axes
  1291 | D:2      | Reached XP level 5. HP: 39/46 MP: 5/5
  1392 | D:2      | Noticed Sigmund
  1405 | D:2      | Killed Sigmund
  1406 | D:2      | Reached skill level 6 in Axes
  1406 | D:2      | Reached XP level 6. HP: 33/53 MP: 6/6
  1550 | D:2      | Noticed Terence
  1559 | D:2      | Killed Terence
  1577 | D:2      | Found a faded altar of an unknown god.
  1789 | D:2      | You fall into a shaft and drop 1 floor!
  1792 | D:3      | Found an ornate altar of the Wu Jian Council.
  1801 | D:3      | Reached skill level 7 in Axes
  1830 | D:3      | Found a runed translucent door.
  1831 | D:3      | Noticed Crazy Yiuf
  2401 | D:3      | Found a sparkling altar of Nemelex Xobeh.
  2490 | D:3      | Killed Crazy Yiuf
  2659 | D:4      | Found a radiant altar of Vehumet.
  2691 | D:4      | Reached XP level 7. HP: 59/60 MP: 7/7
  3113 | D:4      | Found a staircase to the Ecumenical Temple.
  3126 | Temple   | Entered the Ecumenical Temple
  3196 | Temple   | Became a worshipper of Warmaster Okawaru
  3428 | D:4      | Reached skill level 8 in Axes
  3444 | D:4      | Noticed Menkaure
  3452 | D:4      | Killed Menkaure
  3453 | D:4      | Reached skill level 5 in Armour
  3612 | D:4      | Found a shimmering altar of Xom.
  3615 | D:4      | Found a shimmering altar of Xom.
  3616 | D:4      | Found a shimmering altar of Xom.
  3616 | D:4      | Found a shimmering altar of Xom.
  3617 | D:4      | Found a shimmering altar of Xom.
  3631 | D:4      | Found a shimmering altar of Xom.
  3765 | D:5      | Entered Level 5 of the Dungeon
  3771 | D:5      | Noticed Dowan
  3771 | D:5      | Noticed Duvessa
  3786 | D:5      | Killed Duvessa
  3786 | D:5      | Reached * piety under Okawaru
  3787 | D:5      | Reached skill level 9 in Axes
  3794 | D:5      | Killed Dowan
  4081 | D:5      | Noticed Edmund
  4095 | D:5      | Killed Edmund
  4096 | D:5      | Reached skill level 5 in Fighting
  4096 | D:5      | Reached XP level 8. HP: 13/61 MP: 8/8
  4431 | D:5      | Noticed Prince Ribbit
  4435 | D:5      | Noticed Pikel
  4477 | D:5      | Killed Pikel
  4477 | D:5      | Reached ** piety under Okawaru
  4478 | D:5      | Reached skill level 10 in Axes
  4792 | D:5      | Noticed Ijyb
  4820 | D:5      | Killed Ijyb
  4993 | D:5      | Found Kelaena's Distillery.
  5002 | D:5      | Reached skill level 11 in Axes
  5170 | D:5      | Found a blossoming altar of Fedhas.
  5699 | D:5      | Reached XP level 9. HP: 74/75 MP: 9/9
  6188 | D:6      | Found a hazy altar of Hepliaklqana.
  6189 | D:6      | Found a shadowy altar of Dithmenos.
  6289 | D:6      | Reached skill level 1 in Invocations
  6611 | D:7      | Found a sacrificial altar of Ru.
  6657 | D:7      | Reached skill level 12 in Axes
  6955 | D:7      | Reached *** piety under Okawaru
  7127 | D:7      | Found a flagged portal.
  7145 | Bailey   | Entered a bailey
  7194 | Bailey   | Reached skill level 13 in Axes
  7275 | Bailey   | Reached skill level 5 in Shields
  7372 | Bailey   | Reached XP level 10. HP: 69/84 MP: 12/12
  7378 | Bailey   | Reached **** piety under Okawaru
  7379 | Bailey   | Received a gift from Okawaru
  7394 | Bailey   | Noticed a vault guard
  7406 | Bailey   | Reached skill level 14 in Axes
  7877 | D:8      | Found a stormy altar of Qazlal.
  7886 | D:8      | Noticed a two-headed ogre
  8343 | D:7      | Found a white marble altar of Elyvilon.
  8694 | D:8      | Found Opuec's Antique Armour Shoppe.
  8769 | D:8      | Killed Prince Ribbit
  8867 | D:8      | Killed a two-headed ogre
  8867 | D:8      | Received a gift from Okawaru
  8868 | D:8      | Reached skill level 5 in Invocations
  9109 | D:8      | Noticed a cyclops
  9142 | D:8      | Killed a cyclops
  9626 | D:9      | Found Ylityska's Jewellery Shoppe.
  9780 | D:9      | Noticed Erica
  9797 | D:9      | Killed Erica
  9797 | D:9      | Reached ***** piety under Okawaru
 10106 | D:9      | Reached XP level 11. HP: 95/95 MP: 15/15
 10150 | D:9      | Noticed a brown ugly thing
 10673 | D:9      | Killed a brown ugly thing
 11106 | D:9      | Reached skill level 15 in Axes
 11248 | D:9      | Noticed a tengu warrior
 11293 | D:9      | Killed a tengu warrior
 11714 | D:9      | Found a staircase to the Orcish Mines.
 11773 | D:9      | Noticed a cyclops
 11780 | D:9      | Killed a cyclops
 11780 | D:9      | Received a gift from Okawaru
 11913 | D:9      | Found a broken altar of Ashenzari.
 12120 | D:10     | Entered Level 10 of the Dungeon
 12472 | D:10     | Noticed a two-headed ogre
 12499 | D:10     | Killed a two-headed ogre
 12535 | D:10     | Identified the +0 robe of Okawaru's Supremacy {+Inv Fly
                  | Slay-5} (Okawaru gifted it to you on level 10 of the
                  | Dungeon)
 12535 | D:10     | Received a gift from Okawaru
 12553 | D:10     | Reached skill level 10 in Armour
 12836 | D:10     | Found a staircase to the Lair.
 13141 | D:10     | Noticed a cyclops
 13160 | D:10     | Killed a cyclops
 13168 | D:10     | Found a burning altar of Makhleb.
 13186 | D:10     | Noticed a two-headed ogre
 13196 | D:10     | Killed a two-headed ogre
 13197 | D:10     | Reached XP level 12. HP: 95/106 MP: 15/18
 13437 | D:11     | Noticed a two-headed ogre
 13446 | D:11     | Killed a two-headed ogre
 13447 | D:11     | Reached skill level 10 in Fighting
 14503 | D:11     | Noticed a two-headed ogre
 14515 | D:11     | Killed a two-headed ogre
 14703 | D:11     | Found a runed translucent door.
 14840 | D:11     | Noticed qborf's ghost (journeyman DEFE)
 15617 | D:12     | Noticed a two-headed ogre
 15632 | D:12     | Killed a two-headed ogre
 15780 | D:12     | Noticed Nessos
 15804 | D:12     | HP: 3/108 [Nessos/arrow (16)]
 15804 | D:12     | Shot with an arrow by Nessos

Illustrated notes

Levels and vault maps discovered:
D:1:      tarquinn_simple_flora_water_a, layout_basic
D:2:      layout_loops_ring, basic_ecumenical_altar, serial_shops,
          nicolae_shop_window_shopping, uniq_terence, uniq_robin, uniq_sigmund
D:3:      layout_rooms, marbit_many_paths, mainiacjoe_overflow_small_starburst,
          uniq_crazy_yiuf_cottage
D:4:      layout_loops_corners, xom_redecorated, nicolae_vehumet_radiance,
          minmay_temple_entry_junction, uniq_menkaure
D:5:      layout_loops_corners, fedhas_altar_decomposition, serial_shops, shop,
          serial_aquarium, aquarium_bridge_square [aquarium_subvault_wall,
          aquarium_subvault_bridge, aquarium_subvault_wall,
          aquarium_subvault_window], aquarium_window_fake,
          aquarium_window_corridor_2, aquarium_window_1, aquarium_window_2,
          aquarium_view_2a, aquarium_view_2d, aquarium_balcony_1a,
          nicolae_wormholes, uniq_prince_ribbit1, uniq_pikel, uniq_edmund,
          uniq_duvessa, uniq_ijyb
D:6:      layout_cave_pools, riverfiend_overflow_shadow_ancestor
D:7:      layout_gridville, mainiacjoe_overflow_boulevard,
          lemuel_coloured_pillars_altar, enter_bailey_3
D:8:      layout_loops_cross, nicolae_qazlal_style_of_elements, serial_shops,
          shop
D:9:      layout_loops_ring, david_orc_4, serial_shops, shop, minmay_holes,
          minmay_ruined_shrine, uniq_erica
D:10:     layout_basic, bloody_makhleb, lair_entry_dummy
D:11:     layout_stronghold, ebering_ghost_reflecting_pool
D:12:     layout_irregular_city, uniq_nessos
Temple:   nicolae_temple_ecumenical_triangle

Skill      XL: |  1  2  3  4  5  6  7  8  9 10 11 12 |
---------------+-------------------------------------+-----
Axes           | 3 4 5 6 7 9 11 13 14 15 | 15.8
Fighting       | 4 5 6 8 9 10 | 10.8
Armour         | 4 5 6 7 8 10 | 10.8
Shields        | 4 5 7 |  7.9
Invocations    | 3 6 8 9 |  9.7
Evocations     | |  0.3

Action                   |  1- 3 |  4- 6 |  7- 9 | 10-12 || total
-------------------------+-------+-------+-------+-------++-------
Melee: War axe           |    76 |   125 |   335 |       ||   536
       Hand axe          |       |       |    22 |   547 ||   569
Invok: Heroism           |       |       |     1 |     8 ||     9
       Finesse           |       |       |       |     4 ||     4
Evoke: Wand              |       |       |       |     4 ||     4
  Use: Scroll            |       |       |     5 |    15 ||    20
       Potion            |       |       |     4 |     5 ||     9
Armor: Scale mail        |    48 |    63 |   158 |   106 ||   375
       Acid dragon scale |       |       |       |    37 ||    37
Dodge: Dodged            |    42 |    55 |   114 |   192 ||   403
Block: Buckler           |    21 |    31 |    61 |    95 ||   208

Table legend: (Time is in decaauts)
 A = Elapsed time spent in this place.
 B = Non-inter-level travel time spent in this place.
 C = Inter-level travel time spent in this place.
 D = Time resting spent in this place.
 E = Time spent auto-exploring this place.
 F = Levels seen in this place.
 G = Mean time per level.
                   A        B        C        D        E       F      G
               +--------+--------+--------+--------+--------+-----+--------+
         Total |  15619 |  14920 |    699 |   5202 |   7435 |  14 | 1115.6 |
       Dungeon |  15283 |  14605 |    678 |   5122 |   7342 |  12 | 1273.6 |
        Temple |     79 |     58 |     21 |      0 |     30 |   1 |   79.0 |
        Bailey |    256 |    256 |      0 |     80 |     63 |   1 |  256.0 |
               +--------+--------+--------+--------+--------+-----+--------+

Top non-repeatable levels by time:
     D:5: 2363 daAuts
     D:9: 2202 daAuts
    D:11: 2182 daAuts
     D:8: 1392 daAuts
    D:10: 1182 daAuts
     D:4: 1081 daAuts
     D:1: 1030 daAuts
     D:6: 1025 daAuts
     D:2: 1015 daAuts
     D:7: 985 daAuts
     D:3: 621 daAuts
  Bailey: 256 daAuts
    D:12: 200 daAuts
  Temple: 79 daAuts
